Map: Dead of Night

Players

Warlord

  • Race: Terran Terran
  • Spawn Location: 0:00

NamroodTuo

  • Race: Terran Terran
  • Spawn Location: 0:00

VOD

Have the link to the VOD?

Description

Time

  • Played on: Jan. 29, 2023, 8:38 a.m.
  • Length: 48:12
Show
View Real Time Build Order
Export as new Build Order

Warlord Terran 

Build Orders:  

Get SALT Encoding   

  12  0:12  SCV  
  13  0:29  SCV  
  14  0:45  Barracks  
  14  0:46  SCV  
  15  1:10  Supply Depot  
  15  1:30  Refinery  
  15  1:40  Marine, SCV  
  15  1:43  Bunker  
  17  1:51  Supply Depot  
  17  1:52  Marine  
  18  2:02  SCV  
  19  2:10  Marine  
  19  2:19  SCV  
  21  2:23  Marine  
  22  2:36  SCV  
  23  2:53  SCV  
  24  3:10  SCV, Supply Depot  
  24  3:19  Refinery  
  25  3:22  Barracks Tech Lab  
  25  3:30  Barracks  
  25  3:52  Supply Depot  
  25  3:57  SCV  
  26  4:09  Barracks Reactor  
  26  4:14  SCV  
  26  4:19  Barracks  
  20  4:47  Factory  
  16  4:57  SCV  
  13  5:12  Barracks Reactor  
  13  5:14  SCV  
  14  5:31  SCV  
  15  5:48  SCV  
  16  6:05  SCV  
  16  6:07  Factory Tech Lab  
  17  6:22  SCV  
  18  6:39  SCV  
  19  6:56  SCV  
  19  6:57  Siege Tank  
  21  7:13  SCV  
  22  7:30  SCV  
  23  7:47  SCV  
  24  7:50  Marine  
  24  7:51  Marine x3  
  28  8:04  SCV  
  29  8:20  SCV  
  30  8:31  Marine  
  30  8:32  Marine x4  
  30  8:37  SCV  
  36  8:43  Marine  
  36  8:44  Marine x2  
  36  8:45  Medic  
  39  9:23  Marine  
  39  9:24  Marine x4  
  44  9:31  SCV  
  44  9:36  Marine x2  
  47  9:46  Marine  
  47  10:01  Supply Depot  
  47  10:04  Supply Depot  
  47  10:09  Siege Tank  
  47  10:31  Marine x2, SCV  
  43  10:58  SCV  
  42  11:01  Refinery  
  42  11:02  Engineering Bay  
  42  11:06  Marine  
  42  11:07  Marine x4  
  47  11:15  SCV  
  47  11:19  Marine  
  49  11:20  Marine x3  
  52  11:32  SCV  
  53  11:45  Unknown  
  53  11:48  Terran Infantry Weapons Level 1  
  53  11:49  SCV  
  52  12:06  SCV  
  53  12:11  Supply Depot  
  53  12:23  SCV  
  54  12:40  SCV  
  54  12:57  SCV  
  55  13:03  Supply Depot  
  55  13:04  Siege Tank  
  58  13:20  Starport  
  58  13:26  Siege Tank  
  61  13:35  Stabilizer Medpacks  
  61  13:42  Medic  
  61  13:46  Marine x2  
  61  13:47  Marine x2  
  67  13:54  Medic  
  67  13:58  Marine  
  67  13:59  Marine x3, Supply Depot  
  71  14:07  Marine  
  74  14:11  Marine x4  
  74  14:19  Marine  
  78  14:27  Starport Tech Lab  
  78  14:28  Starport, Marine x2  
  80  14:45  Supply Depot  
  80  14:48  Terran Infantry Armor Level 1  
  80  14:58  Engineering Bay  
  80  14:59  Armory, Neosteel Frame  
  80  15:13  Firebat  
  80  15:17  Supply Depot  
  82  15:25  Starport Tech Lab  
  82  15:28  Firebat  
  84  15:33  SCV  
  85  15:42  Medic  
  85  15:49  SCV  
  87  15:52  Marine x2  
  87  15:53  Marine  
  87  15:54  Medic  
  87  16:06  SCV  
  74  16:23  SCV  
  73  16:48  Armory  
  73  16:49  Terran Vehicle and Ship Weapons Level 1  
  73  16:50  Supply Depot  
  73  16:53  Marine  
  73  16:54  Marine x4  
  76  17:05  Marine  
  76  17:06  Marine x3, Medic  
  76  17:08  SCV  
  82  17:22  Supply Depot  
  82  17:23  Marine, Medic  
  82  17:25  SCV  
  86  17:36  Medic  
  88  17:42  SCV  
  89  17:59  SCV  
  88  18:08  Supply Depot  
  85  18:11  Structure Armor  
  85  18:19  Terran Infantry Weapons Level 2  
  61  18:25  Marine  
  61  18:27  Marine  
  61  18:28  Marauder  
  64  18:34  Siege Tank  
  64  18:39  Supply Depot  
  67  18:43  Marauder, Missile Turret  
  69  18:52  Marine  
  69  18:53  Marine x3  
  69  18:58  Medic  
  75  19:04  Marine  
  75  19:05  Marine  
  77  19:10  Medic  
  79  19:36  Viking  
  81  19:41  Supply Depot  
  81  19:42  Marine  
  81  19:43  Marine x4  
  86  19:54  Marine  
  86  19:55  Marine  
  86  19:56  Viking  
  90  20:03  Siege Tank  
  93  20:13  Supply Depot  
  93  20:18  Bunker  
  93  20:25  Siege Tank  
  96  20:40  Marine x5  
  101  20:52  Marine  
  101  20:53  Marine x4  
  101  20:58  Bunker  
  106  21:05  Marine  
  107  21:51  Marine x3  
  107  21:52  Marine x2  
  107  21:56  Missile Turret  
  107  21:59  Cloaking Field  
  112  22:03  Marine  
  112  22:04  Marine x3  
  117  22:13  Medic  
  117  22:16  Marine x4  
  122  22:26  Medic  
  122  22:28  Marine  
  122  22:29  Marine x3  
  128  22:30  Supply Depot  
  128  22:38  Medic  
  130  22:40  Marine  
  130  22:41  Marine x3  
  130  22:47  Phobos Weapons System  
  134  22:51  Medic  
  136  23:01  Supply Depot  
  103  23:53  Orbital Command  
  99  24:12  Supply Depot  
  99  24:13  Terran Infantry Weapons Level 3  
  99  24:15  Terran Infantry Armor Level 2  
  99  24:17  Marine  
  99  24:18  Marine x4  
  102  24:29  Marine  
  100  24:30  Marine x4  
  102  24:42  Marine x4  
  102  24:43  Marine  
  107  24:54  Marine  
  107  24:55  Marine x4  
  107  24:59  Supply Depot  
  110  25:04  Terran Vehicle and Ship Weapons Level 2, Terran Vehicle And Ship Armor Level 1  
  110  25:07  Marine  
  111  25:16  Marine x4  
  115  25:20  Medic  
  115  25:28  Marine  
  115  25:29  Marine x2  
  120  25:32  Medic  
  120  25:36  Concussive Shells  
  122  25:45  Medic  
  124  25:53  Marine  
  124  25:54  Marine x3  
  124  25:57  Medic  
  130  26:06  Marine x3  
  130  26:07  Marine  
  134  26:10  Marine  
  134  26:18  Marine  
  134  26:19  Marine  
  137  26:36  Incinerator Gauntlets  
  137  27:14  Marine x5  
  142  27:26  Marine, Banshee  
  142  27:27  Marine x4, Banshee  
  153  27:38  Marine  
  153  27:39  Marine x4  
  158  27:51  Marine  
  158  27:52  Marine x4  
  158  27:56  Banshee  
  166  28:04  Marine  
  167  28:31  Banshee  
  167  28:32  Banshee  
  173  29:01  Banshee  
  173  29:02  Banshee  
  179  29:31  Banshee  
  179  29:32  Banshee  
  179  29:37  Terran Infantry Armor Level 3  
  171  29:59  Marine  
  171  30:00  Marine x4  
  175  30:12  Marine x4  
  175  30:13  Marine  
  170  30:24  Marine  
  170  30:25  Marine x4  
  171  30:37  Marine x5  
  176  30:49  Marine  
  174  30:50  Marine x4  
  174  31:01  Marine  
  174  31:02  Marine x4  
  173  31:14  Marine  
  173  31:15  Marine x3, Marauder  
  177  31:26  Marine  
  177  31:27  Marine x3  
  181  31:30  Marauder  
  183  31:56  Marine x4  
  183  31:57  Marauder  
  164  32:08  Marine x3  
  164  32:09  Marine  
  128  32:12  Medic  
  126  32:21  Marine x4  
  126  32:24  Medic  
  128  32:33  Marine x4  
  128  32:34  Banshee  
  128  32:35  Banshee  
  128  32:37  Marine  
  139  32:49  Marine  
  138  33:04  Banshee  
  138  33:05  Banshee  
  144  33:34  Banshee  
  144  33:35  Banshee  
  150  33:44  Replenishable Magazine  
  150  33:46  Supply Depot  
  150  34:04  Banshee  
  150  34:05  Banshee  
  156  34:19  Supply Depot  
  156  34:34  Banshee  
  156  34:35  Banshee  
  156  34:50  Supply Depot  
  143  35:04  Banshee  
  143  35:05  Banshee  
  146  35:23  Supply Depot  
  137  35:32  Marine  
  137  35:33  Marine x4  
  142  35:45  Marine x5  
  147  35:54  Supply Depot  
  147  35:57  Marine  
  147  35:58  Marine x4  
  149  36:09  Marine  
  146  36:10  Marine x4  
  151  36:22  Marine  
  151  36:23  Marine x4  
  151  36:27  Supply Depot  
  155  36:34  Marine  
  155  36:35  Marine x4  
  158  36:45  Missile Turret  
  158  36:47  Marine x3  
  158  36:48  Marine, Medic  
  164  36:59  Marine  
  164  37:00  Marine x3, Medic  
  166  37:12  Medic  
  166  37:16  Missile Turret  
  163  37:30  Marine x5  
  168  37:42  Marine  
  168  37:43  Marine x4  
  173  37:54  Marine  
  173  37:55  Marine x4  
  178  38:02  Terran Vehicle and Ship Weapons Level 3  
  178  38:05  Terran Vehicle And Ship Armor Level 2  
  178  38:07  Marine  
  178  38:08  Marine x4  
  182  38:19  Marine  
  179  38:20  Marine x4  
  164  38:33  Marine  
  148  38:49  Marine  
  144  38:50  Marine x4  
  145  39:02  Marine x4  
  145  39:03  Marine  
  147  39:14  Marine  
  147  39:15  Marine x4  
  150  39:27  Marine x5  
  155  39:39  Marine  
  155  39:40  Marine x4  
  160  40:33  Marine  
  160  40:34  Medic  
  160  40:35  Marine  
  160  40:36  Marine x2  
  164  40:46  Marine  
  164  40:47  Medic  
  164  40:48  Marine  
  164  40:49  Marine x2  
  170  40:58  Marine  
  170  40:59  Medic  
  169  41:00  Marine  
  169  41:01  Marine x2  
  171  41:11  Marine  
  171  41:12  Medic  
  171  41:13  Marine x3  
  162  41:24  Medic  
  143  42:18  Marine  
  143  42:19  Marine x4  
  148  42:31  Marine  
  148  42:32  Marine x4  
  153  42:43  Marine  
  153  42:44  Marine x4  
  158  42:56  Marine x2  
  158  42:57  Marine x3  
  163  43:09  Marine  
  160  43:53  Marine  
  160  43:54  Marine x4  
  153  44:06  Marine x5  
  148  44:18  Marine  
  148  44:19  Marine x4  
  151  44:28  Viking x2  
  155  44:30  Marine  
  155  44:31  Marine x4  
  160  44:43  Marine  
  160  44:44  Marine x4  
  160  44:48  Viking  
  160  44:49  Viking  
  169  44:55  Marine  
  169  44:56  Marine x4  
  174  45:08  Marine x2  
  174  45:09  Marine x3, Viking  
  177  45:10  Viking  
  179  45:21  Medic  
  180  46:03  Marine  
  180  46:04  Medic  
Show
View Real Time Build Order
Export as new Build Order

NamroodTuo Terran 

Build Orders:  

Get SALT Encoding   

  12  0:03  SCV  
  13  0:20  SCV  
  14  0:34  SCV  
  14  0:38  Supply Depot  
  15  1:08  SCV  
  16  1:12  Factory  
  16  1:30  Refinery  
  16  1:33  Refinery  
  16  1:34  SCV  
  17  1:47  SCV  
  18  1:59  Supply Depot  
  18  2:01  SCV  
  19  2:18  Perdition Turret  
  19  2:26  Perdition Turret  
  19  2:34  SCV  
  20  2:47  Perdition Turret  
  20  2:48  SCV  
  21  3:07  Devastation Turret  
  21  3:15  SCV  
  22  3:28  Devastation Turret  
  22  3:29  SCV  
  23  3:39  Perdition Turret  
  23  4:02  Devastation Turret  
  23  4:11  Perdition Turret x2  
  23  4:15  Perdition Turret  
  23  4:20  Devastation Turret  
  23  4:26  Perdition Turret  
  23  4:43  Devastation Turret  
  23  4:59  Devastation Turret  
  23  5:34  Perdition Turret  
  23  5:41  SCV  
  24  5:55  SCV  
  25  6:08  SCV  
  26  6:12  Supply Depot  
  26  6:22  SCV  
  26  6:25  Perdition Turret  
  27  6:34  Perdition Turret  
  27  6:35  SCV, Refinery  
  27  6:36  Perdition Turret  
  27  6:37  Perdition Turret  
  28  6:49  SCV, Perdition Turret  
  29  7:00  Armory, Perdition Turret  
  29  7:01  Perdition Turret  
  29  7:02  SCV  
  29  7:06  Engineering Bay  
  30  7:16  SCV  
  46  7:30  SCV  
  31  7:33  Perdition Turret  
  31  7:34  Perdition Turret  
  32  7:50  Perdition Turret  
  32  7:53  Devastation Turret  
  32  8:27  Perdition Turret  
  32  8:29  Perdition Turret  
  32  9:01  Upgrade Laser Drill Level 1  
  32  9:05  SCV  
  33  9:18  SCV  
  34  9:32  SCV  
  35  9:44  Perdition Turret  
  35  9:45  SCV  
  36  9:53  Supply Depot  
  36  9:59  SCV  
  37  10:02  Perdition Turret  
  37  10:09  Devastation Turret  
  37  10:12  SCV  
  37  10:15  Devastation Turret  
  38  10:24  Missile Turret  
  38  10:26  SCV  
  39  10:47  Hi-Sec Auto Tracking  
  39  10:56  Supply Depot  
  39  11:10  Missile Turret  
  39  11:11  Missile Turret  
  39  11:23  Devastation Turret  
  39  11:34  Perdition Turret  
  39  11:46  Devastation Turret  
  39  11:47  Structure Armor  
  39  11:57  Devastation Turret  
  39  12:31  SCV, Devastation Turret  
  40  12:42  Supply Depot  
  40  12:45  SCV  
  41  12:53  Devastation Turret  
  41  12:58  SCV  
  42  13:12  SCV  
  42  13:14  Perdition Turret x3  
  42  13:15  Perdition Turret  
  42  13:17  Perdition Turret x2  
  42  13:18  Perdition Turret  
  43  13:22  Perdition Turret x2  
  43  13:23  Missile Turret  
  43  13:31  Missile Turret  
  43  13:45  Devastation Turret  
  43  14:01  Perdition Turret  
  43  14:03  Devastation Turret  
  43  14:09  SCV  
  43  14:14  Perdition Turret  
  44  14:23  SCV  
  45  14:35  Perdition Turret  
  45  14:37  SCV, Perdition Turret  
  46  14:43  Factory Tech Lab, Perdition Turret x2  
  46  14:44  Perdition Turret x2  
  46  14:45  Perdition Turret  
  46  14:46  Devastation Turret  
  46  14:50  SCV  
  47  15:01  Perdition Turret  
  47  15:03  Perdition Turret x2  
  47  15:15  Perdition Turret  
  47  15:19  Devastation Turret  
  47  15:28  Devastation Turret  
  47  15:58  Devastation Turret  
  47  16:05  SCV  
  48  16:19  SCV, Devastation Turret  
  49  16:29  Perdition Turret  
  49  16:32  SCV, Factory  
  50  16:40  Goliath  
  50  16:46  SCV  
  53  16:53  Devastation Turret  
  53  16:58  Perdition Turret  
  53  16:59  SCV  
  53  17:05  Missile Turret  
  54  17:18  Devastation Turret  
  54  17:28  Devastation Turret  
  54  17:35  Missile Turret  
  54  17:50  Missile Turret  
  54  17:55  Missile Turret  
  54  17:58  Devastation Turret  
  54  18:04  Missile Turret  
  54  18:25  Missile Turret  
  54  18:30  Factory Tech Lab  
  54  18:32  Devastation Turret  
  54  18:41  Ares-Class Targeting System  
  54  19:00  Devastation Turret  
  54  19:09  Perdition Turret  
  54  19:11  Goliath  
  54  19:12  Goliath  
  54  19:18  SCV  
  59  19:29  Perdition Turret  
  59  19:32  SCV, Supply Depot  
  59  19:34  Supply Depot  
  60  19:43  Goliath  
  60  19:46  Devastation Turret  
  62  19:50  Perdition Turret  
  62  19:51  Perdition Turret x3, Devastation Turret  
  62  19:55  Perdition Turret  
  62  19:56  Perdition Turret x2  
  62  20:00  Perdition Turret  
  62  20:02  Goliath, Perdition Turret  
  62  20:04  Perdition Turret x2  
  62  20:06  Perdition Turret  
  62  20:09  Perdition Turret x2  
  64  20:12  Perdition Turret x4  
  64  20:13  Perdition Turret x3  
  64  20:17  Perdition Turret  
  64  20:18  Perdition Turret  
  64  20:20  Devastation Turret  
  64  20:23  Perdition Turret  
  64  20:25  Perdition Turret  
  64  20:26  Perdition Turret  
  64  20:29  Devastation Turret  
  64  20:30  Perdition Turret x3  
  64  20:31  Devastation Turret  
  64  20:36  Devastation Turret  
  64  20:38  Perdition Turret x2  
  64  20:41  Perdition Turret  
  64  20:43  Perdition Turret x2  
  64  20:44  Perdition Turret  
  64  20:51  Perdition Turret x4, Devastation Turret  
  64  20:54  Goliath x2, Perdition Turret x3  
  68  21:00  Perdition Turret x2  
  68  21:01  Perdition Turret  
  68  21:02  Perdition Turret x2  
  68  21:05  Perdition Turret  
  68  21:06  Perdition Turret x4, Devastation Turret  
  68  21:07  Perdition Turret  
  68  21:08  Perdition Turret  
  68  21:09  Perdition Turret  
  68  21:13  Perdition Turret x3  
  67  21:23  SCV  
  67  21:26  Goliath x2  
  72  21:37  SCV, Missile Turret  
  73  21:48  Perdition Turret  
  73  21:49  Missile Turret, Perdition Turret  
  73  21:51  SCV, Perdition Turret x2  
  73  21:54  Perdition Turret  
  73  21:58  Goliath  
  75  22:02  Perdition Turret x2  
  75  22:10  Perdition Turret  
  75  22:15  Supply Depot  
  74  22:32  Perdition Turret  
  74  22:42  Perdition Turret  
  74  23:28  Goliath x2  
  66  24:00  Goliath x2  
  62  24:11  Starport  
  62  24:32  Goliath x2  
  66  24:59  Supply Depot  
  66  25:02  Supply Depot  
  66  25:04  Goliath x2  
  70  25:11  Missile Turret  
  70  25:22  Perdition Turret  
  70  25:27  Perdition Turret  
  70  25:32  Supply Depot  
  70  25:36  Goliath x2  
  70  25:37  Supply Depot  
  70  25:39  Missile Turret x2  
  74  25:47  Missile Turret  
  74  25:51  Missile Turret  
  74  25:58  Starport Tech Lab  
  74  26:06  Perdition Turret  
  74  26:07  Devastation Turret  
  74  26:08  Siege Tank x2  
  80  26:10  SCV  
  80  26:14  Perdition Turret x3  
  80  26:15  Perdition Turret  
  81  26:22  Devastation Turret  
  81  26:27  Perdition Turret  
  81  26:31  Perdition Turret  
  81  26:39  Perdition Turret  
  81  26:41  Perdition Turret x2  
  81  26:42  Perdition Turret  
  81  26:44  Siege Tank  
  84  26:50  Perdition Turret  
  84  26:51  Perdition Turret x2  
  84  26:52  Perdition Turret x2  
  84  26:54  Science Vessel  
  84  26:58  Perdition Turret x2  
  86  27:07  Perdition Turret  
  86  27:13  Perdition Turret  
  86  27:14  Perdition Turret x2  
  86  27:16  Perdition Turret  
  86  27:17  Perdition Turret  
  86  27:21  Perdition Turret  
  86  27:24  Perdition Turret x3  
  86  27:28  Perdition Turret  
  86  27:30  Perdition Turret x2  
  86  27:31  Perdition Turret  
  86  27:42  Science Vessel  
  86  27:44  Perdition Turret x3  
  86  27:48  Starport, Perdition Turret x2  
  86  27:49  Perdition Turret  
  87  27:50  Perdition Turret x2  
  87  27:51  Perdition Turret  
  87  27:52  Perdition Turret  
  87  27:54  Perdition Turret  
  87  27:58  Perdition Turret  
  87  28:01  Perdition Turret  
  87  28:02  Perdition Turret  
  87  28:11  Perdition Turret x2  
  87  28:12  Perdition Turret  
  87  28:15  Perdition Turret  
  87  28:18  Perdition Turret  
  87  28:19  Perdition Turret  
  87  28:21  Perdition Turret x2  
  87  28:22  Perdition Turret  
  87  28:29  Perdition Turret x2  
  87  28:30  Science Vessel  
  87  28:33  Perdition Turret  
  87  28:36  Perdition Turret x2  
  89  28:40  Perdition Turret  
  89  28:46  Perdition Turret x2  
  89  28:48  Perdition Turret x3  
  89  28:52  Perdition Turret  
  89  28:54  Perdition Turret  
  89  28:58  Perdition Turret  
  88  29:01  Perdition Turret x5  
  88  29:03  Perdition Turret  
  88  29:05  Perdition Turret x4  
  88  29:06  Perdition Turret  
  88  29:07  Perdition Turret  
  88  29:09  Perdition Turret x2  
  88  29:10  Perdition Turret  
  88  29:11  Perdition Turret  
  88  29:16  Perdition Turret x2  
  88  29:18  Perdition Turret  
  88  29:19  Perdition Turret  
  88  29:20  Perdition Turret  
  88  29:21  Perdition Turret x2  
  88  29:23  Starport Reactor  
  88  29:27  Perdition Turret  
  88  29:28  Perdition Turret x2  
  88  29:32  Perdition Turret  
  88  29:33  Perdition Turret  
  88  29:36  Perdition Turret x2  
  88  29:38  Perdition Turret x3  
  88  29:39  Perdition Turret  
  86  29:42  Perdition Turret x2  
  86  29:49  Perdition Turret  
  86  29:50  Perdition Turret  
  86  29:52  Perdition Turret  
  86  29:53  Perdition Turret x3  
  86  29:54  Perdition Turret  
  86  29:55  Perdition Turret x2  
  86  29:56  Perdition Turret  
  86  29:59  Perdition Turret  
  86  30:00  Perdition Turret x2  
  86  30:17  Wraith x3  
  92  30:38  Terran Vehicle And Ship Armor Level 1  
  92  30:57  Wraith x3  
  98  31:37  Wraith x3  
  104  32:16  Wraith  
  104  32:17  Wraith x2  
  110  32:56  Wraith  
  110  32:57  Wraith x2  
  116  33:18  Terran Vehicle and Ship Weapons Level 1  
  116  33:29  Supply Depot  
  116  33:30  SCV  
  116  33:36  Wraith  
  119  33:41  Supply Depot  
  119  33:48  Perdition Turret  
  119  33:49  Perdition Turret  
  119  33:50  Perdition Turret  
  119  33:59  Perdition Turret x2, Wraith x2  
  123  34:06  Perdition Turret x3  
  123  34:11  Perdition Turret x2  
  123  34:13  Perdition Turret  
  123  34:16  Wraith  
  123  34:19  Perdition Turret x4  
  125  34:21  Perdition Turret x4  
  125  34:25  Perdition Turret x3  
  125  34:27  Perdition Turret x2  
  125  34:28  Perdition Turret x4  
  125  34:29  Perdition Turret  
  121  34:32  Perdition Turret x3  
  121  34:37  Perdition Turret  
  121  34:39  Wraith x2  
  111  34:43  Perdition Turret x2  
  111  34:46  Perdition Turret  
  111  34:47  Perdition Turret  
  111  34:48  Perdition Turret  
  97  34:51  Perdition Turret  
  97  34:52  Perdition Turret  
  97  34:54  Perdition Turret x2  
  97  34:56  Wraith  
  95  35:01  Perdition Turret  
  95  35:05  Perdition Turret  
  95  35:06  Perdition Turret  
  95  35:07  Perdition Turret x3  
  95  35:09  Perdition Turret  
  95  35:13  Perdition Turret  
  95  35:15  Perdition Turret x3  
  95  35:16  Perdition Turret x3  
  95  35:17  Perdition Turret x2  
  95  35:19  Perdition Turret x2, Wraith x2  
  99  35:21  Perdition Turret  
  99  35:23  Perdition Turret  
  99  35:24  Perdition Turret x2  
  99  35:25  Perdition Turret x2  
  99  35:27  Perdition Turret  
  99  35:28  Perdition Turret  
  99  35:29  Perdition Turret  
  99  35:30  Perdition Turret  
  99  35:33  Perdition Turret  
  99  35:34  Perdition Turret  
  99  35:35  Perdition Turret  
  99  35:36  Wraith  
  99  35:37  Perdition Turret  
  101  35:42  Perdition Turret x3  
  101  35:45  Perdition Turret x2  
  101  35:47  Perdition Turret  
  101  35:48  Perdition Turret x2  
  101  35:51  Perdition Turret x4  
  101  35:53  Perdition Turret x3  
  101  35:57  Perdition Turret  
  101  35:58  Perdition Turret  
  101  35:59  Perdition Turret, Wraith x2  
  105  36:01  Perdition Turret x4  
  105  36:03  Perdition Turret x2  
  105  36:04  Perdition Turret x2  
  105  36:05  Perdition Turret  
  105  36:06  Perdition Turret x2  
  105  36:09  Perdition Turret  
  105  36:13  Perdition Turret  
  105  36:16  SCV, Perdition Turret, Wraith  
  105  36:18  Perdition Turret  
  108  36:20  Perdition Turret  
  108  36:21  Perdition Turret x3  
  108  36:24  Perdition Turret  
  108  36:26  Perdition Turret  
  108  36:28  Perdition Turret x2  
  108  36:30  SCV  
  108  36:35  Perdition Turret x2  
  108  36:37  Perdition Turret x2  
  108  36:38  Missile Turret  
  108  36:39  Wraith x2  
  113  36:40  Perdition Turret  
  113  36:41  Perdition Turret  
  113  36:43  Perdition Turret  
  113  36:46  Missile Turret  
  113  36:52  Perdition Turret x3  
  113  36:54  Perdition Turret x2  
  113  36:56  Perdition Turret x3, Wraith  
  113  36:57  Perdition Turret  
  113  36:58  Perdition Turret x2  
  115  37:03  Perdition Turret x2  
  115  37:05  Missile Turret  
  115  37:07  Perdition Turret x5  
  115  37:08  Perdition Turret x3  
  115  37:13  Missile Turret, Perdition Turret x3  
  115  37:15  Perdition Turret  
  115  37:16  Perdition Turret  
  115  37:18  Perdition Turret  
  115  37:19  Perdition Turret x4, Wraith  
  117  37:21  Perdition Turret  
  117  37:30  Perdition Turret  
  117  37:31  Perdition Turret  
  117  37:32  Perdition Turret  
  117  37:33  Perdition Turret  
  117  37:41  Devastation Turret  
  117  37:42  Wraith  
  117  37:43  Wraith  
  117  37:44  Perdition Turret  
  117  37:46  Perdition Turret  
  120  37:59  Science Vessel  
  122  38:11  Devastation Turret  
  122  38:21  Wraith  
  122  38:22  Wraith  
  126  38:47  Science Vessel, Perdition Turret  
  128  39:01  Wraith  
  128  39:02  Wraith  
  132  39:24  Terran Vehicle And Ship Armor Level 2  
  132  39:35  Science Vessel  
  132  39:36  Supply Depot  
  134  39:41  Supply Depot  
  134  39:42  Supply Depot  
  134  40:06  Wraith x2  
  138  40:15  Supply Depot  
  136  40:23  Science Vessel  
  136  40:45  Supply Depot  
  134  41:19  Perdition Turret  
  134  41:24  Perdition Turret  
  126  41:40  Perdition Turret x4  
  126  41:41  Perdition Turret  
  126  41:45  Wraith x2  
  126  41:46  Wraith  
  126  41:49  Perdition Turret x2  
  132  41:51  Perdition Turret  
  132  41:55  Perdition Turret x5  
  132  42:13  Perdition Turret x2  
  132  42:16  Perdition Turret  
  132  42:21  Perdition Turret  
  132  42:22  Perdition Turret x3  
  132  42:23  Perdition Turret  
  132  42:25  Science Vessel, Wraith x2  
  132  42:26  Perdition Turret  
  132  42:28  Perdition Turret  
  138  42:30  Perdition Turret  
  138  42:32  Perdition Turret  
  138  42:34  Terran Vehicle and Ship Weapons Level 2, Perdition Turret x2  
  138  42:35  Perdition Turret x2  
  138  42:38  Perdition Turret  
  138  42:41  Perdition Turret  
  138  42:43  Perdition Turret x2  
  138  42:46  Perdition Turret x2  
  138  42:47  Perdition Turret  
  138  42:49  Perdition Turret  
  136  42:55  Perdition Turret  
  136  43:03  Missile Turret  
  136  43:05  Perdition Turret x2, Wraith x2  
  136  43:08  Perdition Turret  
  136  43:09  Perdition Turret  
  138  43:12  Perdition Turret  
  138  43:13  Science Vessel  
  138  43:16  Perdition Turret x2  
  138  43:17  Perdition Turret  
  140  43:20  Perdition Turret  
  140  43:21  Perdition Turret  
  140  43:23  Perdition Turret  
  137  43:34  Perdition Turret  
  137  43:35  Perdition Turret x2  
  137  43:38  Perdition Turret x2  
  137  43:39  Perdition Turret  
  137  43:40  Perdition Turret  
  137  43:41  Perdition Turret x3  
  137  43:42  Perdition Turret x2  
  137  43:43  Perdition Turret  
  137  43:45  Perdition Turret x5, Wraith x2  
  137  43:46  Perdition Turret  
  137  43:48  Perdition Turret  
  141  43:52  Perdition Turret  
  141  43:53  Perdition Turret  
  141  43:55  Perdition Turret x2  
  141  44:01  Science Vessel  
  141  44:02  Perdition Turret x5  
  141  44:03  Perdition Turret x2  
  141  44:06  Perdition Turret  
  141  44:07  Perdition Turret x3  
  141  44:09  Perdition Turret x3  
  142  44:10  Perdition Turret x2  
  142  44:11  Perdition Turret  
  142  44:14  Perdition Turret x3  
  142  44:15  Perdition Turret  
  142  44:16  Perdition Turret  
  142  44:17  Perdition Turret  
  142  44:18  Perdition Turret  
  142  44:24  Perdition Turret  
  142  44:28  Perdition Turret x3  
  141  44:30  Perdition Turret  
  141  44:32  Perdition Turret x3  
  141  44:33  Perdition Turret  
  141  44:37  Perdition Turret x2  
  141  44:38  Perdition Turret  
  141  44:46  Perdition Turret  
  141  44:47  Perdition Turret  
  141  44:49  Science Vessel  
  143  44:52  Wraith  
  143  44:53  Perdition Turret x2, Wraith  
  143  44:55  Perdition Turret  
  143  44:56  Perdition Turret  
  143  44:57  Perdition Turret  
  143  44:59  Perdition Turret  
  147  45:00  Perdition Turret x2  
  147  45:01  Perdition Turret  
  147  45:03  Perdition Turret x3  
  147  45:32  Wraith  
  147  45:33  Wraith  
  147  45:37  Wraith  
  151  46:12  Wraith  
  151  46:13  Wraith  
  151  46:17  Wraith  
  155  46:52  Wraith  
  155  46:53  Wraith  
Tags
 
Commander
RaynorSwann
Matchup
Co-op
Replay Pack
Multiplayer
Add a new tag
Caveats
  • Supply blocks, unpowered buildings, or Contaminate may cause inaccurate times.
  • Supply counts are checked every 10 seconds.